Map: 2000 Atmospheres LE

Players

Vindicta

  • Race: Terran Terran
  • League: Grandmaster

Neeb - Winner!

  • Race: Protoss Protoss

Event: DreamHack SC2 Masters 2021 Summer

VOD

Have the link to the VOD?

Description

Time

  • Played on: May 26, 2021, 3:20 p.m.
  • Length: 9:15

All games in this series

Show
View Real Time Build Order
Export as new Build Order

Vindicta Terran 

Build Orders:  

Get SALT Encoding   

  12  0:00  SCV  
  13  0:12  SCV  
  14  0:18  Supply Depot  
  14  0:24  SCV  
  14  0:28  Refinery  
  15  0:39  SCV  
  16  0:44  Barracks  
  16  0:51  SCV  
  16  0:55  Refinery  
  17  1:03  SCV  
  18  1:15  SCV  
  19  1:33  Reaper, Orbital Command  
  19  1:36  Factory  
  20  1:45  Supply Depot  
  20  1:58  SCV  
  21  2:05  Reaper  
  22  2:10  SCV  
  23  2:20  Hellion  
  23  2:22  SCV  
  26  2:29  Command Center  
  26  2:37  Reaper  
  26  2:40  Supply Depot  
  26  2:41  Hellion  
  26  2:43  SCV  
  30  3:04  Widow Mine  
  31  3:05  SCV  
  31  3:06  Starport  
  31  3:10  Barracks Reactor  
  32  3:17  SCV, Bunker  
  33  3:23  Refinery  
  33  3:25  Armory  
  33  3:32  SCV  
  32  3:35  Widow Mine  
  33  3:44  Orbital Command  
  33  3:46  Marine x2  
  32  3:49  SCV  
  32  3:55  Medivac  
  35  4:01  Factory Tech Lab  
  35  4:02  SCV  
  36  4:05  Marine x2  
  36  4:09  SCV  
  39  4:14  SCV  
  40  4:20  Barracks  
  40  4:21  SCV  
  40  4:23  Marine x2  
  43  4:30  Siege Tank  
  46  4:32  Starport Tech Lab  
  46  4:35  SCV  
  47  4:39  Supply Depot  
  47  4:41  SCV  
  48  4:48  SCV  
  48  4:49  Barracks  
  48  4:50  Marine  
  50  4:53  SCV  
  50  4:55  Marine  
  52  5:00  SCV  
  52  5:03  Supply Depot  
  52  5:05  SCV  
  54  5:08  Marine  
  54  5:12  SCV  
  54  5:13  Starport Reactor, Siege Tank  
  57  5:18  Engineering Bay  
  57  5:23  Marine, Stimpack  
  57  5:25  SCV  
  57  5:28  SCV  
  60  5:29  Marine  
  60  5:30  Marine  
  60  5:36  Supply Depot  
  60  5:37  Refinery  
  60  5:40  SCV x2  
  62  5:44  Terran Infantry Weapons Level 1  
  62  5:45  Marine  
  63  5:52  Factory Tech Lab, Combat Shield  
  63  5:53  Marine x2  
  63  5:56  SCV x2, Marine  
  68  6:02  Marine, Missile Turret  
  68  6:13  SCV x2  
  68  6:14  Missile Turret  
  70  6:25  SCV, Medivac x2  
  72  6:27  SCV, Supply Depot  
  72  6:30  Siege Tank  
  77  6:37  SCV  
  78  6:47  Supply Depot  
  78  6:49  SCV, Marauder x2  
  78  6:50  Supply Depot  
  78  6:52  Marine x2  
  78  6:53  Supply Depot  
  85  6:54  SCV  
  86  7:02  Concussive Shells  
  86  7:03  Command Center  
  86  7:11  Marine x2  
  86  7:13  Medivac  
  86  7:14  Medivac  
  95  7:17  Marine  
  95  7:18  SCV  
  95  7:22  Marauder  
  95  7:23  SCV  
  95  7:25  Ghost Academy  
  95  7:29  Marine x2  
  97  7:30  SCV  
  97  7:35  Marine  
  99  7:41  Barracks x2  
  99  7:43  Marauder, Medivac  
  102  7:44  SCV x2  
  102  7:46  Marine  
  102  7:47  Marine  
  102  7:50  Widow Mine  
  108  7:54  Ghost  
  110  8:01  SCV, Supply Depot  
  109  8:06  Ghost  
  109  8:10  Marine  
  109  8:12  Marine  
  102  8:16  Widow Mine  
  88  8:23  Ghost  
  81  8:27  Orbital Command  
  81  8:28  Marine  
  81  8:30  Marine x2  
  81  8:32  SCV  
  79  8:35  Marine  
  79  8:40  Marine  
  76  8:45  SCV  
  76  8:46  Marine  
  76  8:48  Marine x2  
  80  8:51  Widow Mine  
  80  8:52  Marine x2  
  84  8:59  SCV  
Show
View Real Time Build Order
Export as new Build Order

Neeb Protoss - Winner!

Build Orders: 1 Gate Expand, Oracle Opening, Phoenix Opening, Zealot Archon 

Get SALT Encoding   

  12  0:00  Probe  
  13  0:12  Probe  
  14  0:19  Pylon  
  14  0:24  Probe  
  15  0:37  Probe (Chrono Boost), Gateway  
  16  0:46  Probe (Chrono Boost), Assimilator  
  17  0:51  Probe  
  18  1:03  Probe  
  19  1:15  Probe  
  20  1:26  Cybernetics Core  
  20  1:33  Nexus  
  20  1:37  Probe  
  21  1:43  Pylon  
  21  1:49  Probe  
  21  1:51  Assimilator  
  22  1:59  Adept (Chrono Boost)  
  23  2:01  Probe  
  23  2:06  Shield Battery  
  25  2:13  Probe  
  26  2:22  Stargate  
  26  2:25  Probe, Adept (Chrono Boost)  
  29  2:36  Warp Gate  
  29  2:39  Probe  
  30  2:44  Shield Battery  
  30  2:46  Probe  
  31  2:51  Probe  
  31  2:56  Adept  
  34  3:02  Probe  
  34  3:03  Probe  
  34  3:06  Oracle (Chrono Boost)  
  37  3:14  Probe  
  37  3:15  Probe  
  37  3:17  Pylon  
  39  3:26  Probe, Adept  
  40  3:28  Probe  
  41  3:38  Probe  
  41  3:40  Probe  
  43  3:43  Phoenix (Chrono Boost)  
  45  3:50  Probe  
  45  3:52  Probe  
  45  3:53  Gateway  
  45  3:54  Gateway  
  47  4:03  Probe, Pylon  
  47  4:04  Probe  
  47  4:05  Phoenix  
  51  4:15  Probe  
  52  4:17  Probe  
  52  4:21  Nexus  
  53  4:27  Pylon  
  53  4:30  Probe  
  54  4:32  Phoenix  
  54  4:34  Probe  
  54  4:36  Assimilator  
  57  4:39  Assimilator  
  57  4:42  Probe  
  58  4:48  Twilight Council, Forge  
  58  4:49  Probe  
  59  4:55  Probe, Pylon  
  60  5:00  Phoenix  
  60  5:01  Probe  
  63  5:09  Probe  
  63  5:12  Protoss Ground Armor Level 1 (Chrono Boost)  
  63  5:13  Probe  
  64  5:17  Robotics Facility  
  64  5:18  Pylon  
  64  5:19  Charge (Chrono Boost)  
  64  5:21  Probe, Shield Battery  
  64  5:22  Stalker  
  64  5:27  Probe  
  68  5:33  Probe  
  68  5:34  Probe  
  70  5:39  Probe  
  70  5:41  Sentry  
  73  5:43  Gateway  
  73  5:46  Gateway  
  73  5:49  Gateway  
  73  5:56  Sentry  
  75  5:57  Sentry  
  75  5:59  Gateway  
  75  6:00  Gateway  
  77  6:05  Probe, Pylon  
  77  6:06  Probe  
  79  6:13  Probe  
  80  6:20  Probe x2  
  80  6:22  Templar Archives, Zealot x3  
  80  6:24  Observer  
  80  6:25  Probe  
  90  6:31  Pylon  
  90  6:34  Photon Cannon  
  90  6:36  Pylon  
  90  6:42  Photon Cannon  
  90  6:44  Zealot x4  
  98  6:49  Phoenix  
  100  6:55  Zealot x2  
  104  7:05  High Templar x2  
  104  7:06  Zealot x4  
  116  7:09  Archon  
  116  7:18  Zealot x2  
  116  7:22  Probe x2  
  122  7:30  Pylon  
  122  7:31  Zealot  
  122  7:32  Pylon, Assimilator  
  122  7:33  Pylon  
  122  7:34  Robotics Bay  
  122  7:35  Assimilator  
  124  7:39  Probe  
  124  7:40  Robotics Facility  
  125  7:45  Probe  
  125  7:50  Zealot x7  
  138  7:51  Zealot  
  140  7:59  Probe x2  
  138  8:14  Zealot x6  
  133  8:53  Probe x3  
  133  8:54  Forge  
  132  9:05  Nexus  
Tags
 
Add a new tag
Caveats
  • Supply blocks, unpowered buildings, or Contaminate may cause inaccurate times.
  • Supply counts are checked every 10 seconds.